 Dungeon Crawl Stone Soup version 0.32-a0-999-gfa1cc04b1d (webtiles) character file.

Game seed: 3376098458239627147

196 Ahpoh the Covered (level 5, -6/43 HPs)
             Began as a Barachi Fighter on Apr 24, 2024.
             Killed by nerve-wracking pain
             ... invoked by an orc priest
              (14 damage)
             ... on level 3 of the Dungeon.
             The game lasted 00:08:58 (2304 turns).

Ahpoh the Covered (Barachi Fighter)                 Turns: 2304, Time: 00:08:58

Health: -6/43      AC: 14    Str: 17    XL:     5   Next: 74%
Magic:  5/5        EV:  6    Int:  8    God:
Gold:   77         SH:  5    Dex: 14    Spells: 4/4 levels left

rFire   . . .        a - +0 long sword
rCold   + . .        c - +0 buckler
rNeg    . . .        o - +2 chain mail {rC+}
rPois   .            (no helmet)
rElec   .            (no cloak)
rCorr   .            q - +0 pair of gloves
SInv    .            g - +0 pair of boots
Will    .....        (no amulet) Stlth
                     (no ring)
HPRegen 0.27/turn    (no ring)
MPRegen 0.09/turn

%: no passive effects
@: slow
A: amphibious, slowness 1, strong legs 1, +LOS
a: Hop, Convert to Beogh


You were on level 3 of the Dungeon.
You visited 1 branch of the dungeon, and saw 4 of its levels.

You collected 125 gold pieces.
You spent 48 gold pieces at shops.

Inventory:

Hand Weapons
 a - a +0 long sword (weapon)
Armour
 b - a +0 scale mail
 c - a +0 buckler (worn)
 g - a +0 pair of boots (worn)
 o - a +2 chain mail of cold resistance (worn)
 q - a +0 pair of gloves (worn)
Wands
 s - a wand of flame (5)
Scrolls
 k - a scroll of teleportation
 m - a scroll of enchant armour {unknown}
 r - a scroll of enchant weapon {unknown}
Potions
 d - a potion of might
 e - 2 potions of lignification
 f - a potion of ambrosia {unknown}
 h - a potion of cancellation {unknown}
 i - a potion of haste {unknown}
 j - 3 potions of curing
 l - a potion of berserk rage
 n - a potion of degeneration {unknown}
 p - 2 potions of brilliance


   Skills:
 * Level 4.4 Fighting
 * Level 4.5 Long Blades
 * Level 4.6 Armour
 * Level 1.4 Dodging
 * Level 4.2 Shields


You had 4 spell levels left.
You didn't know any spells.
Your spell library contained the following spells:

 Spells                   Type           Power      Damage    Failure   Level
 Stone Arrow              Conj/Erth      0%         3d7       100%        3
 Animate Armour           Summ/Erth      0%         N/A       100%        4
 Seismic Cannonade        Alch/Erth      0%         6d4       100%        7
 Lehudib's Crystal Spear  Conj/Erth      0%         10d2      100%        8


Dungeon Overview and Level Annotations

Branches:
Dungeon (4/15)
 Temple: D:4-7

Altars:
Elyvilon

Shops:
D:4 *

Annotations:
D:3 1 transporter


Innate Abilities, Weirdness & Mutations

You are amphibious.
You cover ground slowly.
You can hop short distances.
You have an extended range of vision and can be seen from far away.


Message History

HP restored.
You open the door.
There is an open door here.
The orc priest begins to cast a cantrip, but forgets the words!
The shadow imp gestures at you. Pain shoots through your body!
The shadow imp shouts, "Flee, thou infectious miscreant nothing!"
The orc priest shouts, "Beogh offers mercy even to people such as you.
Join us and be reborn!" (press Y on the ability menu to convert to Beogh)
You enter the deep water.
The orc priest mumbles some strange prayers to Beogh against you.
You barely resist.
The shadow imp hits you but does no damage.
You hit the shadow imp but do no damage.
The orc priest looks braver for a moment.
The shadow imp gestures at you. Pain shoots through your body!
The shadow imp hits you but does no damage.
You closely miss the shadow imp.
The orc priest calls down the wrath of Beogh upon you.
You barely resist.
The shadow imp hits you but does no damage.
You hit the shadow imp.
The shadow imp is heavily wounded.
You block the shadow imp's attack.
You barely miss the shadow imp.
The shadow imp is heavily wounded.
The shadow imp hits you but does no damage.
The shadow imp closely misses you.
You hit the shadow imp.
The shadow imp is almost dead.
The shadow imp hits you but does no damage.
You slash the shadow imp!
You kill the shadow imp!
The orc priest mumbles some strange prayers to Beogh against you.
Pain shoots through your body!
* * * LOW HITPOINT WARNING * * *
The orc priest calls down the wrath of Beogh upon you.
Pain shoots through your body!
You die...

).. ... ...# ... ...#
..#################...##
####......................
..#.###############.....
####.#.#ß~#.......#Pß#....
.....#.#P.#≈≈≈≈≈≈≈#.P#.##
#.#..#..#@.~~~..#..#..##
#...©#©['..~♣~..'.©#©..#..
###..#..#..~~~..#..#......
##.#P.#≈≈≈≈≈≈≈#.P#.###..
#.#ß~#o5.....#~ß#.###..
#########.###############.#....
..........................#.#..
########.##################.#..
#.####............##.##.


You could see an orc priest and a shadow imp.

Vanquished Creatures
  Blork the orc (D:4)
  A hound (D:4)
  2 adders (D:2)
  A shadow imp (D:3)
  4 dart slugs
  An orc (D:3)
  6 ball pythons
  4 endoplasms
  5 giant cockroaches
  10 goblins
  8 hobgoblins
  5 kobolds
  3 quokkas
  5 bats (D:1)
  3 frilled lizards
  A rat (D:2)
60 creatures vanquished.

Notes
Turn   | Place    | Note
-------+----------+-------------------------------------------
     0 | D:1      | Ahpoh the Barachi Fighter began the quest for the Orb.
     0 | D:1      | Reached XP level 1. HP: 18/18 MP: 1/1
    27 | D:1      | Reached XP level 2. HP: 16/25 MP: 2/2
   141 | D:1      | Found a faded altar of an unknown god.
   153 | D:1      | Prayed at the altar of an unknown god.
   153 | D:1      | Became a worshipper of Elyvilon the Healer
   153 | D:1      | Reached * piety under Elyvilon
   154 | D:1      | Fell from the grace of Elyvilon
   295 | D:1      | Reached XP level 3. HP: 29/30 MP: 3/3
   965 | D:2      | Reached XP level 4. HP: 37/37 MP: 4/4
  1257 | D:2      | Reached skill level 1 in Dodging
  1755 | D:3      | You fall into a shaft and drop 1 floor!
  1901 | D:4      | Noticed Blork the orc
  1911 | D:4      | Killed Blork the orc
  1912 | D:4      | Reached XP level 5. HP: 43/43 MP: 5/5
  1925 | D:4      | Found Xurch's Assorted Antiques.
  1952 | D:4      | Bought a scroll of identify for 48 gold pieces
  2130 | D:3      | Found a transporter.
  2142 | D:3      | Found a transporter.
  2304 | D:3      | Killed from afar by an orc priest

Illustrated notes

Levels and vault maps discovered:
D:1:      ldierk_walled_garden, layout_rooms,
          hellmonk_ecumenical_altar_heavens_door, hangedman_decor_growths,
          minmay_misc_feat_five
D:2:      layout_basic, minmay_goblin_outpost
D:3:      gammafunk_wand_slinger, layout_basic, chequers_decorated_corner
D:4:      layout_basic, lemuel_tele_altar, serial_shops,
          nicolae_shop_tiny_glass, minmay_misc_feat_rugged,
          kennysheep_generic_room_15, uniq_blork_the_orc

Skill      XL: |  1  2  3  4 |
---------------+-------------+-----
Armour         | 4 |  4.6
Fighting       | 4 |  4.4
Long Blades    | 3 4 |  4.5
Dodging        | 1 |  1.4
Shields        | 4 |  4.2

Action                     |  1- 3 |  4- 6 || total
---------------------------+-------+-------++-------
  Melee: Long sword        |   132 |    92 ||   224
 Invoke: Renounce Religion |     1 |       ||     1
Ability: Hop               |       |     1 ||     1
  Evoke: Wand              |       |     1 ||     1
    Use: Scroll            |       |     5 ||     5
         Potion            |       |     1 ||     1
 Armour: Scale mail        |   101 |       ||   101
         Chain mail        |    37 |    97 ||   134
  Dodge: Dodged            |    73 |    31 ||   104
  Block: Buckler           |    39 |    29 ||    68

Table legend: (Time is in decaauts)
 A = Elapsed time spent in this place.
 B = Non-inter-level travel time spent in this place.
 C = Inter-level travel time spent in this place.
 D = Time resting spent in this place.
 E = Time spent auto-exploring this place.
 F = Levels seen in this place.
 G = Mean time per level.
                   A        B        C        D        E       F      G
               +--------+--------+--------+--------+--------+-----+--------+
         Total |   2714 |   2706 |      8 |    126 |   1607 |   4 |  678.5 |
       Dungeon |   2714 |   2706 |      8 |    126 |   1607 |   4 |  678.5 |
               +--------+--------+--------+--------+--------+-----+--------+

Top non-repeatable levels by time:
     D:2: 1190 daAuts
     D:1: 727 daAuts
     D:3: 540 daAuts
     D:4: 256 daAuts
